Map: Rosanegro LE

Players

IagoAbreu

  • Race: Zerg Zerg
  • League: Silver
  • Spawn Location: 1:00

deadpool - Winner!

  • Race: Protoss Protoss
  • Spawn Location: 7:00

VOD

Have the link to the VOD?

Description

Time

  • Played on: March 9, 2018, 12:14 p.m.
  • Length: 24:04
Show
View Real Time Build Order
Export as new Build Order

IagoAbreu Zerg 

Build Orders: Pool First 

Get SALT Encoding   

  12  0:18  Spawning Pool  
  11  0:22  Drone  
  11  0:27  Drone  
  13  0:36  Overlord  
  13  0:43  Drone  
  14  0:51  Extractor  
  14  0:56  Drone x2  
  15  0:57  Extractor  
  14  1:06  Queen  
  16  1:12  Drone  
  17  1:23  Drone  
  18  1:29  Drone  
  19  1:43  Metabolic Boost  
  19  1:46  Drone  
  20  1:57  Zergling x2  
  21  2:01  Evolution Chamber  
  21  2:04  Zergling x2  
  21  2:12  Zergling x2  
  22  2:22  Overlord x3  
  22  2:30  Zerg Melee Weapons Level 1  
  21  3:05  Zergling x6  
  24  3:18  Roach Warren  
  23  3:24  Lair  
  23  3:28  Zergling x4  
  23  3:29  Zergling x4  
  27  3:49  Zergling x2  
  27  3:54  Baneling Nest, Drone  
  28  4:10  Hatchery  
  28  4:17  Zergling x4  
  28  4:19  Zergling x2  
  30  4:35  Zerg Ground Armor Level 1  
  30  4:48  Overseer  
  30  5:03  Pneumatized Carapace  
  30  5:10  Zergling x4  
  30  5:11  Zergling x2  
  33  5:41  Baneling x2  
  33  5:42  Baneling x7  
  33  5:43  Baneling  
  33  5:58  Queen  
  33  6:00  Drone x2  
  33  6:01  Drone  
  38  6:05  Drone  
  26  7:07  Zergling x14  
  26  7:08  Zergling x4  
  35  7:09  Zerg Melee Weapons Level 2  
  35  7:11  Centrifical Hooks  
  35  7:24  Drone x3  
  39  7:37  Zergling x8  
  42  8:19  Roach x2  
  50  8:20  Roach x3  
  50  8:22  Overlord x4  
  52  8:35  Baneling x5  
  52  8:36  Baneling x2  
  36  9:41  Spire  
  35  9:46  Hydralisk Den  
  35  9:52  Extractor  
  33  9:54  Extractor  
  32  10:30  Hydralisk x2  
  32  10:31  Hydralisk x5  
  32  10:34  Zergling x12  
  32  10:35  Zergling x8  
  56  11:07  Overlord x4  
  56  11:21  Zerg Flyer Weapons Level 1  
  56  11:22  Grooved Spines  
  56  11:24  Zerg Missile Weapons Level 1  
  56  11:31  Mutalisk  
  58  11:37  Drone x3  
  61  11:45  Drone  
  62  11:52  Drone  
  63  11:55  Drone  
  64  12:23  Drone x4  
  64  12:28  Overlord  
  68  12:30  Overlord  
  68  12:48  Drone x4  
  72  13:11  Corruptor x2  
  76  13:22  Corruptor x2  
  80  13:52  Drone x2, Hatchery  
  80  13:53  Drone x3  
  84  14:23  Overlord x2  
  84  14:24  Overlord x2  
  84  14:54  Corruptor x4  
  84  14:55  Corruptor  
  84  14:59  Roach x2  
  98  15:02  Roach  
  98  15:04  Roach  
  102  15:10  Queen  
  104  15:21  Drone  
  104  15:22  Drone x4  
  104  15:24  Drone  
  110  15:46  Overseer x2  
  110  16:10  Zergling x8  
  114  16:14  Overlord x4  
  114  16:34  Zerg Ground Armor Level 2  
  114  17:12  Mutalisk x4, Corruptor x2  
  114  17:13  Mutalisk x7  
  114  17:14  Mutalisk x3  
  146  17:18  Overlord x3  
  146  17:22  Overlord  
  146  18:04  Zergling x6  
  146  18:05  Zergling x2  
  150  18:08  Extractor  
  150  18:09  Mutalisk x3, Extractor  
  150  18:10  Mutalisk  
  150  18:11  Zergling x12  
  162  18:17  Zerg Flyer Weapons Level 2  
  162  18:58  Nydus Network  
  161  19:16  Overseer x2  
  161  19:17  Overseer  
  161  19:23  Hydralisk x4  
  161  19:24  Hydralisk x4  
  165  19:25  Zergling x2  
  177  20:10  Nydus Canal  
  177  20:54  Overlord  
  177  20:55  Overlord x6  
  123  21:14  Corruptor  
  123  21:15  Corruptor x6  
  123  21:16  Corruptor x5  
  45  22:11  Zergling x14  
  45  22:12  Zergling x10  
  38  22:51  Drone x2  
  35  22:56  Corruptor  
  35  22:57  Corruptor x2  
  29  23:27  Hatchery  
  18  23:30  Hatchery  
Show
View Real Time Build Order
Export as new Build Order

deadpool Protoss - Winner!

Build Orders:  

Get SALT Encoding   

  12  0:01  Probe (Chrono Boost)  
  13  0:12  Probe (Chrono Boost)  
  14  0:19  Probe  
  15  0:26  Pylon  
  15  0:44  Forge, Probe  
  16  0:56  Probe  
  17  1:02  Gateway  
  17  1:08  Probe  
  18  1:22  Photon Cannon  
  18  1:26  Probe (Chrono Boost)  
  18  1:30  Assimilator  
  19  1:36  Probe (Chrono Boost)  
  20  1:50  Nexus  
  20  1:53  Zealot  
  22  1:59  Probe (Chrono Boost)  
  23  2:09  Assimilator  
  23  2:16  Pylon  
  23  2:32  Cybernetics Core  
  23  2:34  Zealot, Probe  
  26  2:46  Probe  
  27  3:02  Probe (Chrono Boost)  
  27  3:03  Probe (Chrono Boost)  
  29  3:09  Pylon  
  29  3:12  Probe (Chrono Boost)  
  31  3:14  Probe (Chrono Boost)  
  32  3:22  Probe (Chrono Boost)  
  32  3:23  Probe (Chrono Boost)  
  32  3:25  Robotics Facility  
  33  3:28  Probe (Chrono Boost)  
  34  3:34  Robotics Facility  
  34  3:39  Pylon  
  34  3:41  Pylon, Probe  
  35  3:44  Probe  
  36  3:51  Assimilator  
  36  3:53  Probe  
  37  3:57  Probe  
  38  4:15  Robotics Bay  
  38  4:16  Observer  
  39  4:23  Gateway  
  39  4:24  Gateway x2  
  39  4:30  Gateway  
  39  4:33  Gateway  
  39  4:34  Probe (Chrono Boost)  
  39  4:36  Warp Gate (Chrono Boost)  
  40  4:44  Probe (Chrono Boost)  
  41  4:53  Observer  
  41  4:54  Observer  
  41  4:56  Probe (Chrono Boost)  
  44  5:05  Probe (Chrono Boost)  
  45  5:12  Stalker x2  
  45  5:13  Stalker  
  51  5:27  Protoss Ground Weapons Level 1  
  51  5:29  Pylon  
  51  6:11  Disruptor  
  38  6:37  Probe (Chrono Boost)  
  40  6:47  Probe (Chrono Boost)  
  40  6:52  Probe (Chrono Boost)  
  33  7:15  Probe (Chrono Boost)  
  34  7:21  Photon Cannon  
  34  7:24  Probe (Chrono Boost)  
  34  7:26  Photon Cannon  
  35  7:30  Probe (Chrono Boost)  
  35  7:36  Stalker  
  35  7:37  Stalker x3  
  40  7:40  Probe (Chrono Boost)  
  40  7:42  Assimilator  
  46  7:45  Probe (Chrono Boost)  
  46  7:49  Stalker  
  46  7:50  Probe (Chrono Boost)  
  49  7:52  Probe (Chrono Boost)  
  50  8:00  Probe (Chrono Boost)  
  50  8:01  Probe (Chrono Boost)  
  52  8:10  Probe (Chrono Boost)  
  53  8:15  Probe (Chrono Boost)  
  54  8:29  Extended Thermal Lance (Chrono Boost)  
  54  8:30  Colossus  
  54  8:31  Colossus, Nexus  
  54  8:32  Pylon  
  59  9:26  Zealot  
  59  9:27  Zealot  
  59  9:28  Zealot  
  63  9:42  Photon Cannon  
  63  9:46  Photon Cannon  
  63  9:49  Photon Cannon  
  63  9:51  Pylon  
  63  9:52  Stalker x4  
  69  9:53  Stalker  
  73  10:05  Colossus  
  73  10:06  Colossus  
  85  10:16  Stargate  
  85  10:28  Probe (Chrono Boost)  
  86  10:38  Probe (Chrono Boost)  
  86  10:41  Probe (Chrono Boost)  
  88  10:49  Probe (Chrono Boost)  
  89  10:54  Probe (Chrono Boost)  
  90  11:05  Probe (Chrono Boost)  
  90  11:08  Assimilator x2  
  91  11:15  Probe (Chrono Boost)  
  92  11:20  Probe (Chrono Boost)  
  92  11:25  Fleet Beacon  
  93  11:27  Stargate  
  93  11:29  Stargate x2  
  93  11:33  Stalker  
  93  11:35  Probe  
  96  11:48  Probe  
  96  11:51  Nexus  
  97  12:10  Probe (Chrono Boost)  
  97  12:13  Carrier (Chrono Boost)  
  98  12:19  Probe (Chrono Boost)  
  105  12:27  Pylon  
  105  12:29  Pylon  
  105  12:30  Pylon  
  105  12:31  Pylon  
  105  12:33  Pylon  
  105  12:42  Carrier (Chrono Boost)  
  105  12:50  Probe (Chrono Boost)  
  112  13:00  Pylon, Probe (Chrono Boost)  
  112  13:03  Graviton Catapult  
  112  13:04  Pylon  
  119  13:06  Protoss Air Weapons Level 1 (Chrono Boost)  
  119  13:08  Carrier (Chrono Boost)  
  119  13:12  Assimilator  
  119  13:18  Assimilator  
  119  13:22  Photon Cannon  
  119  13:27  Photon Cannon  
  119  13:28  Probe (Chrono Boost)  
  119  13:32  Probe (Chrono Boost)  
  121  13:38  Probe (Chrono Boost)  
  121  13:40  Probe (Chrono Boost)  
  123  13:57  Probe (Chrono Boost)  
  124  14:06  Probe (Chrono Boost)  
  124  14:07  Nexus  
  125  14:11  Probe (Chrono Boost)  
  126  14:23  Zealot x4  
  134  14:30  Carrier x2  
  146  15:02  Carrier x2  
  158  15:15  Gateway, Protoss Air Weapons Level 2 (Chrono Boost)  
  158  15:17  Gateway  
  158  15:20  Gateway  
  158  15:22  Gateway  
  158  15:25  Gateway  
  158  15:33  Zealot x3  
  164  15:42  Pylon  
  164  15:45  Pylon  
  164  15:47  Pylon  
  164  15:58  Nexus  
  164  16:26  Protoss Ground Armor Level 1 (Chrono Boost)  
  164  16:28  Pylon  
  164  16:42  Pylon  
  164  16:43  Probe (Chrono Boost)  
  165  16:47  Pylon, Carrier x3  
  165  16:53  Probe (Chrono Boost)  
  184  16:58  Probe (Chrono Boost)  
  184  16:59  Zealot  
  184  17:00  Zealot x2  
  191  17:23  Pylon  
  191  17:28  Protoss Air Weapons Level 3  
  191  17:52  Robotics Bay  
  191  17:55  Gravitic Drive (Chrono Boost)  
  191  18:12  Zealot x3  
  195  18:13  Zealot  
  199  18:23  Observer  
  200  18:39  Pylon  
  200  18:45  Observer Gravitic Boosters  
  200  18:48  Gateway  
  200  18:49  Assimilator  
  200  18:50  Gateway  
  200  18:53  Gateway, Assimilator  
  200  18:56  Gateway  
  200  18:57  Assimilator  
  200  19:00  Photon Cannon  
  200  19:01  Pylon  
  200  19:02  Pylon  
  200  19:15  Protoss Shields Level 1  
  200  19:30  Twilight Council  
  200  19:38  Photon Cannon  
  200  19:40  Photon Cannon  
  200  19:41  Pylon  
  200  19:45  Photon Cannon  
  200  19:47  Photon Cannon  
  200  19:51  Photon Cannon  
  200  19:52  Photon Cannon  
  200  19:53  Assimilator  
  200  19:57  Pylon  
  200  20:00  Photon Cannon  
  200  20:02  Photon Cannon  
  200  20:06  Photon Cannon  
  200  20:18  Charge (Chrono Boost)  
  200  20:40  Pylon  
  200  20:47  Photon Cannon  
  200  20:49  Photon Cannon  
  200  20:51  Photon Cannon  
  153  22:53  Zealot x3  
  153  22:54  Zealot x3  
  153  22:55  Zealot  
  153  23:38  Zealot x4  
Tags
 
League
Silver
Matchup
PvZ
Opening
Pool First
Spawn Locations
Cross Positions
Add a new tag
Caveats
  • Supply blocks, unpowered buildings, or Contaminate may cause inaccurate times.
  • Supply counts are checked every 10 seconds.